PUBAA
RED BANK CLERKS @ SANTA CRUZ BEACHCOMBERS
06/17/1972
 
TOP OF THE 1ST
Red Bank Clerks batting - Pitching for Santa Cruz Beachcombers : RHP Arthur Maloney
Pitching: RHP Arthur Maloney
Batting: LHB Gerardo Rivera 0-0: Called Strike
0-1: Ball
1-1: Called Strike
1-2: Strikes out looking
Batting: LHB Kendrick Wolf 0-0: Called Strike
0-1: Foul Ball, location: 2F
0-2: Ball
1-2: Ball
2-2: Foul Ball, location: 2F
2-2: DOUBLE (Line Drive, 7LM, EV 110.0 MPH)
Batting: LHB Sugiarto Paramita 0-0: Fly out, F2 (Popup, 5SF, EV 76.3 MPH)
Batting: LHB Howard Boyd 0-0: Swinging Strike
0-1: Called Strike
0-2: Foul Ball, location: 3FF
0-2: Foul Ball, location: 5DF
0-2: Foul Ball, location: 2F
0-2: Foul Ball, location: 3F
0-2: Foul Ball, location: 3FF
0-2: Ball
1-2: Foul Ball, location: 2F
1-2: Foul Ball, location: 2F
1-2: Ball
2-2: Foul Ball, location: 2F
2-2: Ball
Wild Pitch!
Kendrick Wolf to third
3-2: Fly out, F9 (Flyball, 9, EV 85.6 MPH)
Top of the 1st over - 0 runs, 1 hit, 0 errors, 1 left on base; Red Bank 0 - Santa Cruz 0
BOTTOM OF THE 1ST
Santa Cruz Beachcombers batting - Pitching for Red Bank Clerks : RHP Van O'Keefe
Pitching: RHP Van O'Keefe
Batting: LHB Sozen Yoshida 0-0: Ball
1-0: Fly out, F9 (Flyball, 9D, EV 102.5 MPH)
Batting: RHB Gregg Jones 0-0: Ball
1-0: Swinging Strike
1-1: Foul Ball, location: 3FF
1-2: Ball
2-2: Foul Ball, location: 3FF
2-2: Ball
3-2: Base on Balls
Batting: LHB Constant Gortana 0-0: Swinging Strike
0-1: Ball
1-1: Ball
2-1: Ball
3-1: Base on Balls
Gregg Jones to second
Batting: LHB Chris Arrington 0-0: Ball
1-0: Called Strike
1-1: Ball
2-1: Foul Ball, location: 7LMF
2-2: Ball
3-2: Strikes out swinging
Batting: RHB Mickey Stanley 0-0: Called Strike
0-1: Ball
1-1: Ball
2-1: Ball
3-1: Base on Balls
Gregg Jones to third
Constant Gortana to second
Batting: RHB Pat Mathews 0-0: Swinging Strike
0-1: Ball
1-1: Foul Ball, location: 5FF
1-2: Strikes out looking
Bottom of the 1st over - 0 runs, 0 hits, 0 errors, 3 left on base; Red Bank 0 - Santa Cruz 0
TOP OF THE 2ND
Red Bank Clerks batting - Pitching for Santa Cruz Beachcombers : RHP Arthur Maloney
Batting: RHB Juan Ruíz 0-0: Fly out, F8 (Flyball, 8RXD, EV 87.5 MPH)
Batting: LHB Orlando Castro 0-0: Foul Ball, location: 7LDF
0-1: Foul Ball, location: 2F
0-2: Ball
1-2: Foul Ball, location: 7LMF
1-2: SOLO HOME RUN (Flyball, 89XD, EV 98.8 MPH), Distance : 394 ft
Batting: RHB Joe Witt 0-0: Ball
1-0: Called Strike
1-1: Ball
2-1: Called Strike
2-2: Ball
3-2: Ground out 6-3 (Groundball, 6, EV 85.0 MPH)
Batting: RHB Luis Hernández 0-0: Fly out, F6 (Popup, 6MS, EV 70.6 MPH)
Top of the 2nd over - 1 run, 1 hit, 0 errors, 0 left on base; Red Bank 1 - Santa Cruz 0
BOTTOM OF THE 2ND
Santa Cruz Beachcombers batting - Pitching for Red Bank Clerks : RHP Van O'Keefe
Batting: LHB Ed Smallman 0-0: SINGLE (Line Drive, 4D, EV 99.4 MPH)
Batting: LHB Shawn Lee 0-0: Fly out, F4 (Flyball, 4D, EV 95.6 MPH)
Batting: RHB Anastasio Gonzáles 0-0: Foul Ball, location: 2LF
0-1: Ball
1-1: Ball
2-1: Ball
3-1: Foul Ball, location: 2F
3-2: Foul Ball, location: 2F
3-2: Foul Ball, location: 9LSF
3-2: Base on Balls
Ed Smallman to second
Batting: LHB Sozen Yoshida 0-0: Ball
1-0: SINGLE (Groundball, 34D, EV 101.3 MPH)
Ed Smallman to third
Anastasio Gonzáles to second
Runner from 3rd tries for Home, SAFE, throw by RF to home
Batting: RHB Gregg Jones 0-0: Called Strike
0-1: Ball
1-1: Foul Ball, location: 5SF
1-2: Reached on error, E3 (Groundball, 34, EV 80.6 MPH)
Anastasio Gonzáles to third
Sozen Yoshida to second
Batting: LHB Constant Gortana 0-0: Ball
1-0: Grounds into double play, 3-6-3 (Groundball, 34, EV 86.3 MPH)
Bottom of the 2nd over - 1 run, 2 hits, 1 error, 2 left on base; Red Bank 1 - Santa Cruz 1
TOP OF THE 3RD
Red Bank Clerks batting - Pitching for Santa Cruz Beachcombers : RHP Arthur Maloney
Batting: SHB Gustavo Bensliman 0-0: Ball
1-0: Called Strike
1-1: Foul Ball, location: 5F
1-2: Ground out U3 (Groundball, 3, EV 77.5 MPH)
Batting: LHB Gerardo Rivera 0-0: Swinging Strike
0-1: Swinging Strike
0-2: Strikes out looking
Batting: LHB Kendrick Wolf 0-0: Swinging Strike
0-1: Ball
1-1: Swinging Strike
1-2: SINGLE (Flyball, 8RS, EV 93.1 MPH)
Batting: LHB Sugiarto Paramita 0-0: Ball
1-0: Ball
2-0: Ground out 4-3 (Groundball, 4, EV 108.1 MPH)
Top of the 3rd over - 0 runs, 1 hit, 0 errors, 1 left on base; Red Bank 1 - Santa Cruz 1
BOTTOM OF THE 3RD
Santa Cruz Beachcombers batting - Pitching for Red Bank Clerks : RHP Van O'Keefe
Batting: LHB Chris Arrington 0-0: Ball
1-0: Called Strike
1-1: Foul Ball, location: 7LMF
1-2: Ball
2-2: Ball
3-2: Base on Balls
Batting: RHB Mickey Stanley 0-0: Ball
1-0: Foul Ball, location: 2F
1-1: Swinging Strike
1-2: Ball
2-2: SINGLE (Groundball, 34D, EV 105.0 MPH)
Chris Arrington to second
Runner from 2nd tries for 3rd, SAFE, throw by RF made to third
Batting: RHB Pat Mathews 0-0: Ball
1-0: Ball
2-0: Ball
3-0: Called Strike
3-1: Called Strike
3-2: Base on Balls
Mickey Stanley to second
Batting: LHB Ed Smallman 0-0: Foul Ball, location: 2F
0-1: Ball
1-1: Ball
2-1: Fly out, F8 (Flyball, 8RD, EV 102.5 MPH)
Runner from 3rd tags up, SCORES, throw by CF
Mickey Stanley to third
Batting: LHB Shawn Lee 0-0: Ball
1-0: Ball
2-0: Ball
3-0: Base on Balls
Pat Mathews to second
Batting: RHB Anastasio Gonzáles 0-0: Called Strike
0-1: Fly out, F8 (Flyball, 78M, EV 81.9 MPH)
Runner from 3rd tags up, SCORES, throw by CF
Batting: LHB Sozen Yoshida 0-0: Ground out 5-3 (Groundball, 56S, EV 80.6 MPH)
Bottom of the 3rd over - 2 runs, 1 hit, 0 errors, 2 left on base; Red Bank 1 - Santa Cruz 3
TOP OF THE 4TH
Red Bank Clerks batting - Pitching for Santa Cruz Beachcombers : RHP Arthur Maloney
Batting: LHB Howard Boyd 0-0: Foul Ball, location: 5DF
0-1: Ground out U3 (Groundball, 34, EV 103.8 MPH)
Batting: RHB Juan Ruíz 0-0: Called Strike
0-1: Ball
1-1: Ground out 5-3 (Groundball, 56, EV 88.8 MPH)
Batting: LHB Orlando Castro 0-0: Called Strike
0-1: Foul Ball, location: 3F
0-2: Strikes out swinging
Top of the 4th over - 0 runs, 0 hits, 0 errors, 0 left on base; Red Bank 1 - Santa Cruz 3
BOTTOM OF THE 4TH
Santa Cruz Beachcombers batting - Pitching for Red Bank Clerks : RHP Van O'Keefe
Batting: RHB Gregg Jones 0-0: Ball
1-0: Called Strike
1-1: Foul Ball, location: 2F
1-2: Foul Ball, location: 2F
1-2: Foul Ball, location: 23F
1-2: Ball
2-2: Foul Ball, location: 3FF
2-2: Ground out 6-3 (Groundball, 56D, EV 99.4 MPH)
Batting: LHB Constant Gortana 0-0: Ball
1-0: Foul Ball, location: 2LF
1-1: Ball
2-1: Ball
3-1: Called Strike
3-2: Foul Ball, location: 2F
3-2: Base on Balls
Batting: LHB Chris Arrington 0-0: Called Strike
0-1: Ball
Wild Pitch!
Constant Gortana to second
1-1: Foul Ball, location: 7LMF
1-2: Strikes out swinging
Batting: RHB Mickey Stanley 0-0: Foul Ball, location: 3F
0-1: Called Strike
0-2: Ground out 5-3 (Groundball, 56S, EV 86.9 MPH)
Bottom of the 4th over - 0 runs, 0 hits, 0 errors, 1 left on base; Red Bank 1 - Santa Cruz 3
TOP OF THE 5TH
Red Bank Clerks batting - Pitching for Santa Cruz Beachcombers : RHP Arthur Maloney
Batting: RHB Joe Witt 0-0: Called Strike
0-1: Ball
1-1: Ground out 5-3 (Groundball, 56, EV 110.6 MPH)
Batting: RHB Luis Hernández 0-0: Ball
1-0: Foul Ball, location: 2F
1-1: Ground out 6-3 (Groundball, 6, EV 86.3 MPH)
Batting: SHB Gustavo Bensliman 0-0: Ball
1-0: Foul Ball, location: 23FF
1-1: Ball
2-1: Ground out 4-3 (Groundball, 4, EV 95.0 MPH)
Top of the 5th over - 0 runs, 0 hits, 0 errors, 0 left on base; Red Bank 1 - Santa Cruz 3
BOTTOM OF THE 5TH
Santa Cruz Beachcombers batting - Pitching for Red Bank Clerks : RHP Van O'Keefe
Batting: RHB Pat Mathews 0-0: Called Strike
0-1: Ball
1-1: Foul Ball, location: 5SF
1-2: Ball
2-2: Fly out, F4 (Popup, 3D, EV 70.0 MPH)
Batting: LHB Ed Smallman 0-0: Called Strike
0-1: Ball
1-1: Ball
2-1: Foul Ball, location: 9LMFF
2-2: Foul Ball, location: 2F
2-2: Foul Ball, location: 2RF
2-2: SOLO HOME RUN (Flyball, 9D, EV 92.5 MPH), Distance : 362 ft
Batting: LHB Shawn Lee 0-0: Fly out, F8 (Flyball, 8RD, EV 95.6 MPH)
Batting: RHB Anastasio Gonzáles 0-0: Ball
1-0: DOUBLE (Line Drive, 9LM, EV 108.8 MPH)
Batting: LHB Sozen Yoshida 0-0: Ball
1-0: Ball
2-0: Ball
3-0: Called Strike
3-1: Base on Balls
Batting: RHB Gregg Jones 0-0: Called Strike
Anastasio Gonzáles steals 3rd base
Sozen Yoshida to second
0-1: SINGLE (Line Drive, 78S, EV 83.8 MPH)
Anastasio Gonzáles scores
Sozen Yoshida to third
Pitching: RHP José Peralta
Batting: LHB Constant Gortana 0-0: Foul Ball, location: 7LSF
0-1: Ball
1-1: Called Strike
1-2: Ball
2-2: Ball
3-2: 3-RUN HOME RUN (Flyball, 89XD, EV 103.1 MPH), Distance : 402 ft
Batting: LHB Chris Arrington 0-0: Ball
1-0: Ball
2-0: Ball
3-0: Called Strike
3-1: Foul Ball, location: 7LSF
3-2: Base on Balls
Batting: RHB Mickey Stanley 0-0: Ball
1-0: Called Strike
1-1: Ball
2-1: Ball
3-1: Called Strike
3-2: Strikes out swinging
Bottom of the 5th over - 5 runs, 4 hits, 0 errors, 1 left on base; Red Bank 1 - Santa Cruz 8
TOP OF THE 6TH
Red Bank Clerks batting - Pitching for Santa Cruz Beachcombers : RHP Arthur Maloney
Batting: LHB Gerardo Rivera 0-0: Fly out, F6 (Popup, 6, EV 61.9 MPH)
Batting: LHB Kendrick Wolf 0-0: Ball
1-0: SINGLE (Groundball, 6MD, EV 96.9 MPH)
Batting: LHB Sugiarto Paramita 0-0: Ball
1-0: Swinging Strike
1-1: Ball
2-1: Ball
3-1: Called Strike
3-2: Base on Balls
Kendrick Wolf to second
Batting: LHB Howard Boyd 0-0: Ball
1-0: Foul Ball, location: 7LDF
1-1: Foul Ball, location: 2F
1-2: Ball
2-2: Foul Ball, location: 25FF
2-2: Ball
3-2: Foul Ball, location: 5F
3-2: Fielders Choice at 2nd, 4-6 (Groundball, 4, EV 85.0 MPH)
Kendrick Wolf to third
Batting: RHB Juan Ruíz 0-0: Ball
1-0: Called Strike
1-1: Ball
2-1: Ball
3-1: Called Strike
3-2: Foul Ball, location: 2F
3-2: Strikes out swinging
Top of the 6th over - 0 runs, 1 hit, 0 errors, 2 left on base; Red Bank 1 - Santa Cruz 8
BOTTOM OF THE 6TH
Santa Cruz Beachcombers batting - Pitching for Red Bank Clerks : RHP José Peralta
Batting: RHB Pat Mathews 0-0: Ball
1-0: Fly out, F9 (Flyball, 9LM, EV 100.6 MPH)
Batting: LHB Ed Smallman 0-0: Ball
1-0: Ball
2-0: Ball
3-0: Called Strike
3-1: Foul Ball, location: 2F
3-2: Strikes out looking
Batting: LHB Shawn Lee 0-0: Hit by Pitch
Batting: RHB Anastasio Gonzáles 0-0: Called Strike
0-1: Ball
1-1: Ball
2-1: Foul Ball, location: 2F
2-2: Strikes out looking
Bottom of the 6th over - 0 runs, 0 hits, 0 errors, 1 left on base; Red Bank 1 - Santa Cruz 8
TOP OF THE 7TH
Red Bank Clerks batting - Pitching for Santa Cruz Beachcombers : RHP Arthur Maloney
Pinch Hitting: LHB Christian Moore 0-0: Ball
1-0: Called Strike
1-1: Foul Ball, location: 2F
1-2: SINGLE (Flyball, 78S, EV 97.5 MPH)
Pitching: RHP Roger MacNamara
Batting: RHB Joe Witt 0-0: Ball
1-0: Reached on error, E5 (Groundball, 56, EV 85.6 MPH)
Christian Moore to second
Batting: RHB Luis Hernández 0-0: Called Strike
0-1: Called Strike
0-2: Ball
1-2: Ball
2-2: Foul Ball, location: 2F
2-2: Foul Ball, location: 9LSF
2-2: Ball
3-2: Base on Balls
Christian Moore to third
Joe Witt to second
Batting: SHB Gustavo Bensliman 0-0: Ball
1-0: Foul Ball, location: 2F
1-1: Called Strike
1-2: Strikes out swinging
Batting: LHB Gerardo Rivera 0-0: Ball
1-0: Ball
2-0: Fly out, F6 (Popup, 56, EV 53.8 MPH)
Batting: LHB Kendrick Wolf 0-0: Called Strike
0-1: Ball
1-1: Ball
2-1: Foul Ball, location: 2F
2-2: Fly out, F8 (Flyball, 8LD, EV 90.6 MPH)
Top of the 7th over - 0 runs, 1 hit, 1 error, 3 left on base; Red Bank 1 - Santa Cruz 8
BOTTOM OF THE 7TH
Santa Cruz Beachcombers batting - Pitching for Red Bank Clerks : RHP José Peralta
Now in LF: Christian Moore
Batting: LHB Sozen Yoshida 0-0: Called Strike
0-1: Ground out 1-3 (Groundball, 13S, EV 65.6 MPH)
Batting: RHB Gregg Jones 0-0: Called Strike
0-1: Foul Ball, location: 2LF
0-2: Ball
1-2: Foul Ball, location: 9LDF
1-2: Ball
2-2: Ball
3-2: Strikes out swinging
Batting: LHB Constant Gortana 0-0: Called Strike
0-1: Ball
1-1: Ball
2-1: Called Strike
2-2: Strikes out swinging
Bottom of the 7th over - 0 runs, 0 hits, 0 errors, 0 left on base; Red Bank 1 - Santa Cruz 8
TOP OF THE 8TH
Red Bank Clerks batting - Pitching for Santa Cruz Beachcombers : RHP Roger MacNamara
Batting: LHB Sugiarto Paramita 0-0: Called Strike
0-1: Ball
1-1: Ball
2-1: Swinging Strike
2-2: Foul Ball, location: 3F
2-2: Foul Ball, location: 3F
2-2: Strikes out swinging
Batting: LHB Howard Boyd 0-0: Called Strike
0-1: Foul Ball, location: 25F
0-2: Ball
1-2: Ball
2-2: Foul Ball, location: 23F
2-2: Foul Ball, location: 7LMF
2-2: Ball
3-2: Foul Ball, location: 7LMF
3-2: Foul Ball, location: 3FF
3-2: Base on Balls
Pitching: LHP Luis Medellín
Batting: RHB Juan Ruíz 0-0: Called Strike
0-1: Foul Ball, location: 25F
0-2: Foul Ball, location: 5FF
0-2: Strikes out swinging
Pinch Hitting: RHB Tony Green 0-0: DOUBLE (Flyball, 8RXD, EV 107.5 MPH)
Howard Boyd to third
Batting: RHB Joe Witt 0-0: Called Strike
0-1: Foul Ball, location: 3F
0-2: Ball
1-2: Ball
2-2: Ball
3-2: SINGLE (Line Drive, 78S, EV 103.8 MPH)
Howard Boyd scores
Tony Green to third
Runner from 3rd tries for Home, SAFE, throw by LF to home
Joe Witt to second
Batting: RHB Luis Hernández 0-0: Foul Ball, location: 3SF
0-1: Called Strike
0-2: Ball
1-2: Strikes out swinging
Top of the 8th over - 2 runs, 2 hits, 0 errors, 1 left on base; Red Bank 3 - Santa Cruz 8
BOTTOM OF THE 8TH
Santa Cruz Beachcombers batting - Pitching for Red Bank Clerks : RHP José Peralta
Now in LF: Danny Napoleon
Batting: LHB Chris Arrington 0-0: Called Strike
0-1: Called Strike
0-2: SINGLE (Groundball, 4MD, EV 100.6 MPH)
Batting: RHB Mickey Stanley 0-0: Ball
1-0: Ball
2-0: Fly out, F8 (Flyball, 8LD, EV 97.5 MPH)
Pitching: RHP Mac Mosley
Batting: RHB Pat Mathews 0-0: Ball
1-0: SINGLE (Line Drive, 5D, EV 101.3 MPH)
Chris Arrington to second
Batting: LHB Ed Smallman 0-0: Fielders Choice at 2nd, 1-6 (Groundball, 23, EV 69.4 MPH)
Chris Arrington to third
Batting: LHB Shawn Lee 0-0: Fly out, F9 (Flyball, 89S, EV 83.1 MPH)
Bottom of the 8th over - 0 runs, 2 hits, 0 errors, 2 left on base; Red Bank 3 - Santa Cruz 8
TOP OF THE 9TH
Red Bank Clerks batting - Pitching for Santa Cruz Beachcombers : LHP Luis Medellín
Batting: SHB Gustavo Bensliman 0-0: Called Strike
0-1: Ground out 6-3 (Groundball, 6, EV 87.5 MPH)
Batting: LHB Gerardo Rivera 0-0: Called Strike
0-1: Foul Ball, location: 7LDF
0-2: Ball
1-2: SOLO HOME RUN (Flyball, 9D, EV 96.9 MPH), Distance : 358 ft
Batting: LHB Kendrick Wolf 0-0: Ball
1-0: Ball
2-0: Called Strike
2-1: SINGLE (Line Drive, 56D, EV 97.5 MPH)
Batting: LHB Sugiarto Paramita 0-0: Ball
1-0: Called Strike
1-1: Foul Ball, location: 7LSF
1-2: 2-RUN HOME RUN (Flyball, 9D, EV 94.4 MPH), Distance : 343 ft
Pitching: RHP Robin Clark
Now at C: Jung-min Che
Batting: LHB Howard Boyd 0-0: Called Strike
0-1: Fly out, F7 (Flyball, 7D, EV 90.0 MPH)
Pinch Hitting: SHB Ed Gentle 0-0: Called Strike
0-1: Ball
1-1: Called Strike
1-2: Ball
2-2: SINGLE (Line Drive, 89S, EV 100.6 MPH)
Pinch Hitting: SHB Roger Metzger 0-0: Fielders Choice at 2nd, 5-4 (Groundball, 5, EV 93.8 MPH)
Top of the 9th over - 3 runs, 4 hits, 0 errors, 1 left on base; Red Bank 6 - Santa Cruz 8
Thursday, March 28th , 2024 - OOTP Baseball 24.8 Build 75